 Dungeon Crawl Stone Soup version 0.28.0-53-g5a82cb258f (webtiles) character file.

Game seed: 9322476046979816555

2121 DocClef the Basher (level 9, -8/62 HPs)
             Began as a Demonspawn Gladiator on July 6, 2022.
             Mangled by an orc knight
             ... wielding a +0 halberd
              (25 damage)
             ... in a bailey.
             The game lasted 00:08:10 (7661 turns).

DocClef the Basher (Demonspawn Gladiator)           Turns: 7661, Time: 00:08:11

Health: -8/62      AC: 13    Str: 16 (18) XL:     9   Next: 8%
Magic:  9/9        EV: 13    Int:  8 (10) God:
Gold:   417        SH:  6    Dex: 18 (19) Spells: 8/8 levels left

rFire   + . .      SeeInvis .   c - +7 flail (protect)
rCold   . . .      Faith    .   (no shield)
rNeg    . . .      Spirit   .   u - +0 steam dragon scales
rPois   .          Reflect  .   (helmet restricted)
rElec   .          Harm     .   (no cloak)
rCorr   .          Rampage  .   v - +0 pair of gloves
Will    .....                   (no boots)
Stlth   ++........              (no amulet)
HPRegen 1.00/turn               m - ring of Xulyich {Wiz Fly rF+ Dex+4}
MPRegen 0.11/turn               q - ring of wizardry

@: mighty, brilliant, under a protective aura, attractive, flying, invisible
A: horns 2, large bone plates 2, frail 1, regeneration 1
a: no special abilities


You were in a bailey.
You visited 1 branch of the dungeon, and saw 7 of its levels.
You also visited: Bailey.

You collected 417 gold pieces.

Inventory:

Hand Weapons
 c - a +7 flail of protection (weapon)
 l - a +3 hand axe of venom
Missiles
 d - 3 throwing nets (quivered)
Armour
 u - +0 steam dragon scales (worn)
 v - a +0 pair of gloves (worn)
Jewellery
 m - the ring of Xulyich (left hand) {Wiz Fly rF+ Dex+4}
   (You found it on level 4 of the Dungeon)

   [ring of wizardry]

   It improves your spell success rate.
   Dex:       It affects your dexterity (+4).
   rF:        It protects you from fire.
   Fly:       It grants you flight.
 q - a ring of wizardry (right hand)
Wands
 w - a wand of acid (5)
Scrolls
 a - 2 scrolls of teleportation
 b - 6 scrolls of identify
 e - a scroll of vulnerability
 i - a scroll of magic mapping
 s - a scroll of silence
Potions
 f - 2 potions of lignification
 h - a potion of resistance
 j - 2 potions of cancellation
 k - a potion of degeneration
 n - a potion of attraction
 o - a potion of haste
 t - a potion of might


   Skills:
 - Level 5.7 Fighting
 - Level 6.1(8.0) Axes
 + Level 8.0(9.0) Maces & Flails
 - Level 1.7 Throwing
 - Level 2.6 Dodging


You had 8 spell levels left.
You didn't know any spells.
Your spell library contained the following spells:

 Spells                   Type           Power      Damage    Failure   Level
 Apportation              Tloc           0%         N/A       12%         1
 Ensorcelled Hibernation  Hex/Ice        0%         N/A       17%         2
 Gell's Gravitas          Tloc           0%         N/A       32%         3
 Lesser Beckoning         Tloc           0%         N/A       32%         3
 Spider Form              Tmut/Pois      0%         N/A       32%         3
 Teleport Other           Tloc           0%         N/A       32%         3
 Anguish                  Hex/Necr       0%         N/A       69%         4
 Animate Dead             Necr           0%         N/A       69%         4
 Alistair's Intoxication  Tmut/Pois      0%         N/A       94%         5
 Borgnjor's Vile Clutch   Necr/Erth      0%         N/A       94%         5
 Death Channel            Necr           0%         N/A       100%        6


Dungeon Overview and Level Annotations

Branches:
Dungeon (7/15)             Temple (0/1) D:7          Bailey (1/1)

Altars:
Cheibriados
Nemelex Xobeh
Qazlal
Uskayaw
Xom
Zin

Annotations:
D:4 3 runed translucent doors, DocClef's ghost, amateur MfGl; SuperSeabass's ghost, amateur DsAr; bchevrier's ghost, novice GnWn


Innate Abilities, Weirdness & Mutations

You have a pair of horns on your head.
You are mostly covered in large bone plates. (SH +6)
You are frail. (-10% HP)
Your natural rate of healing is unusually fast.


Message History

h - a potion of resistance It was a potion of cancellation.
You feel magically purged.
The orc knight roars a battlecry!
It was a potion of degeneration.
There was something very wrong with that liquid.
You feel weakened.
You feel dopey.
You feel clumsy.
It was a potion of attraction.
You feel attractive to monsters. The orc knight is attracted toward you.
The orc warrior is attracted toward you.
There's a creature in the doorway!
It was a potion of brilliance.
You feel clever all of a sudden.
The orc knight hits you with a +0 halberd!!
The orc warrior barely misses you.
It was a potion of curing.
You feel better. You block the orc knight's attack.
You block the orc warrior's attack.
It was a potion of might.
You feel very mighty all of a sudden.
The orc knight hits you with a +0 halberd!
The orc warrior hits you from afar with a +0 spear.
It was a potion of invisibility.
You fade into invisibility!
The orc knight completely misses you.
The orc warrior hits you from afar with a +0 spear.
The orc is attracted toward you.
Really quaff the potion of mutation?
You feel extremely strange.
You feel frail.
Your connection to magic feels subdued.
Your magic regains its normal vibrancy.
You begin to heal more quickly.
The orc knight hits you with a +0 halberd!
The orc warrior hits you from afar with a +0 spear!
* * * LOW HITPOINT WARNING * * *
The orc is attracted toward you.
You sock the orc knight!
Your weapon exudes an aura of protection.
Your headbutt misses the orc knight.
The orc knight is lightly wounded.
The orc knight hits you with a +0 halberd!!
You die...

#....).)#
#....).)#
#.......#
##.)...##
###)###
#)..#
#..)#
#...#
#.@.#
###o###
##.o)..##
#..o....#
#.§#8#..#
#..#.#..#
#.§.....#
#.......#
##.....##


You could see an orc knight, an orc warrior (strong) and an orc (strong).

Vanquished Creatures
  A steam dragon (D:6)
  Edmund (D:5)
  A water moccasin (D:6)
  4 orc warriors (Bailey)
  3 ogres
  A centaur (D:5)
  2 phantoms
  A scorpion (D:5)
  A water moccasin zombie (D:6)
  A howler monkey (D:6)
  A bullfrog zombie (D:6)
  3 orc priests
  A centaur skeleton (D:4)
  5 hounds
  2 jellies
  A bullfrog skeleton (D:6)
  Jessica (D:2)
  An iguana (D:5)
  4 orc wizards
  A scorpion zombie (D:5)
  A hound skeleton (D:5)
  5 adders
  2 worms
  2 dart slugs
  30 orcs
  6 endoplasms
  3 giant cockroaches (D:1)
  8 goblins
  4 hobgoblins
  9 jackals
  8 kobolds
  A quokka (D:1)
  6 ball pythons
  7 bats
  8 rats
136 creatures vanquished.

Vanquished Creatures (others)
  A plant (D:7)
1 creature vanquished.

Grand Total: 137 creatures vanquished

Notes
Turn   | Place    | Note
-------+----------+-------------------------------------------
     0 | D:1      | DocClef the Demonspawn Gladiator began the quest for the
                  | Orb.
     0 | D:1      | Reached XP level 1. HP: 16/16 MP: 1/1
    78 | D:1      | Gained mutation: You are partially covered in large bone
                  | plates. (SH +4) [demonic ancestry]
    78 | D:1      | Reached XP level 2. HP: 10/23 MP: 2/2
   873 | D:1      | Reached XP level 3. HP: 29/29 MP: 3/3
  1167 | D:1      | Found a faded altar of an unknown god.
  1231 | D:2      | Noticed Jessica
  1234 | D:2      | Killed Jessica
  1505 | D:2      | Gained mutation: You are mostly covered in large bone
                  | plates. (SH +6) [demonic ancestry]
  1505 | D:2      | Reached XP level 4. HP: 38/38 MP: 4/4
  2047 | D:2      | Found a shimmering altar of Xom.
  2368 | D:3      | Reached skill level 5 in Fighting
  2398 | D:3      | Found a sparkling altar of Nemelex Xobeh.
  2398 | D:3      | Found a snail-covered altar of Cheibriados.
  2652 | D:3      | Reached XP level 5. HP: 37/44 MP: 5/5
  3327 | D:4      | Found a hide-covered altar of Uskayaw.
  3330 | D:4      | Identified the ring of Xulyich {Wiz Fly rF+ Dex+4}
  3577 | D:4      | Gained mutation: You have a pair of small horns on your
                  | head. [demonic ancestry]
  3577 | D:4      | Reached XP level 6. HP: 48/52 MP: 6/6
  3679 | D:4      | Found a runed translucent gate.
  3679 | D:4      | Found a runed translucent gate.
  3680 | D:4      | Found a runed translucent gate.
  3681 | D:4      | Noticed bchevrier's ghost (novice GnWn)
  3681 | D:4      | Noticed DocClef's ghost (amateur MfGl)
  3681 | D:4      | Noticed SuperSeabass's ghost (amateur DsAr)
  3827 | D:5      | Entered Level 5 of the Dungeon
  3921 | D:5      | Reached skill level 5 in Axes
  3928 | D:5      | Reached XP level 7. HP: 26/57 MP: 7/7
  4145 | D:5      | Noticed Edmund
  4158 | D:5      | Killed Edmund
  4397 | D:5      | Found a stormy altar of Qazlal.
  4696 | D:5      | Reached skill level 1 in Maces & Flails
  4748 | D:5      | Reached skill level 2 in Maces & Flails
  4876 | D:5      | Reached skill level 3 in Maces & Flails
  5293 | D:5      | Gained mutation: You have a pair of horns on your head.
                  | [demonic ancestry]
  5293 | D:5      | Reached XP level 8. HP: 27/64 MP: 8/8
  5297 | D:5      | Reached skill level 4 in Maces & Flails
  5686 | D:6      | Reached skill level 5 in Maces & Flails
  6135 | D:6      | Reached skill level 6 in Maces & Flails
  6787 | D:6      | Reached skill level 7 in Maces & Flails
  6914 | D:7      | Found a flagged portal.
  6925 | Bailey   | Entered a bailey
  7096 | Bailey   | HP: 3/96 [orc warrior/+0 halberd (7)]
  7101 | Bailey   | Reached XP level 9. HP: 9/69 MP: 9/9
  7119 | Bailey   | Reached skill level 8 in Maces & Flails
  7637 | Bailey   | Noticed an orc knight
  7660 | Bailey   | Gained mutation: You are frail. (-10% HP) [potion of
                  | mutation]
  7660 | Bailey   | Gained mutation: Your spells are a little easier to cast,
                  | but a little less powerful. [potion of mutation]
  7660 | Bailey   | Lost mutation: Your spells are a little easier to cast, but
                  | a little less powerful. [potion of mutation]
  7660 | Bailey   | Gained mutation: Your natural rate of healing is unusually
                  | fast. [potion of mutation]
  7661 | Bailey   | Mangled by an orc knight

Illustrated notes

Levels and vault maps discovered:
D:1:      zelgadis_glass_arrival_small, layout_basic, basic_ecumenical_altar
D:2:      layout_basic, basic_altar, uniq_jessica
D:3:      layout_basic, lemuel_tele_altar, gammafunk_temple_overflow_wave
D:4:      layout_rooms, eat_drink_and_be_merry_uskayaw,
          gammafunk_ghost_cemetery, serial_curves, eino_curves_01,
          eino_curves_02
D:5:      layout_basic, mainiacjoe_overflow_tiny_flanked, dk_noncrumbling_4,
          chequers_garden, serial_park_tiny_1, uniq_edmund
D:6:      layout_loops_ring
D:7:      hangedman_cross_stitches, layout_basic, lemuel_blue_sif_altar,
          nicolae_elyvilon_temple_path, minmay_temple_entry_stoned_glass,
          enter_bailey_5
Bailey:   bailey_polearm_5, bailey

Skill      XL: |  1  2  3  4  5  6  7  8  9 |
---------------+----------------------------+-----
Fighting       | 3 4 5 |  5.7
Axes           | 3 5 6 |  6.1
Maces & Flails | 3 7 8 |  8.0
Throwing       | |  1.7
Dodging        | |  2.6

Action                   |  1- 3 |  4- 6 |  7- 9 || total
-------------------------+-------+-------+-------++-------
Melee: War axe           |    69 |    93 |       ||   162
       Punch             |     1 |     1 |     1 ||     3
       Hand axe          |       |    55 |    15 ||    70
       Headbutt          |       |     7 |    36 ||    43
       Flail             |       |       |   194 ||   194
  Use: Scroll            |       |       |    12 ||    12
       Potion            |       |       |    10 ||    10
 Stab: Sleeping          |       |       |     1 ||     1
Armor: Leather armour    |    28 |     1 |       ||    29
       Chain mail        |       |    65 |    39 ||   104
       Ring mail         |       |     7 |       ||     7
       Steam dragon scal |       |       |    35 ||    35
       Skin              |       |       |    38 ||    38
Dodge: Dodged            |    62 |    57 |   106 ||   225
Block: Other             |     8 |    38 |    73 ||   119
